 Dungeon Crawl Stone Soup version 0.19.1-1-g22dce08 (console) character file.

65 sose the Firebug (level 3, -4/21 HPs)
             Began as a High Elf Fire Elementalist on Dec 29, 2016.
             Slain by a gnoll
             ... wielding a +0 whip
              (10 damage)
             ... on level 2 of the Dungeon.
             The game lasted 00:08:04 (1880 turns).

sose the Firebug (High Elf Fire Elementalist)       Turns: 1880, Time: 00:08:04

Health: -4/21      AC:  8    Str:  7    XL:     3   Next: 94%
Magic:  3/7        EV: 13    Int: 19    God:
Gold:   42         SH:  0    Dex: 16    Spells: 3 memorised, 0 levels left

rFire  . . .     SeeInvis .     q - +1 trident (protect)
rCold  . . .     Gourm    .     a - +0 robe
rNeg   + . .     Faith    .     (no shield)
rPois  .         Spirit   .     j - +2 helmet
rElec  .         Reflect  .     (no cloak)
rCorr  .         Harm     .     (no gloves)
MR     .....                    (no boots)
Stlth  ++........               (no amulet)
                                d - ring of positive energy
                                h - +3 ring of protection

@: no status effects
A: no striking features
a: no special abilities


You were on level 2 of the Dungeon.
You were not hungry.

You visited 1 branch of the dungeon, and saw 2 of its levels.

You collected 42 gold pieces.

Inventory:

Hand Weapons
 q - a +1 trident of protection (weapon)
Armour
 a - a +0 robe (worn)
 j - a +2 helmet (worn)
Jewellery
 d - a ring of positive energy (right hand)
 h - a +3 ring of protection (left hand)
Scrolls
 k - 3 scrolls of identify {unknown}
 n - a scroll of fear {unknown}
 r - a scroll of fog {unknown}
 s - a scroll of enchant weapon {unknown}
Potions
 c - 2 potions of mutation {unknown}
 e - a potion of brilliance {unknown}
 f - a potion of agility {unknown}
 g - a potion of curing {unknown}
 l - a potion of magic {unknown}
 o - a potion of flight {unknown}
Books
 b - a book of Flames

   Spells                             Type                      Level
   a - Flame Tongue                   Conjuration/Fire             1
   b - Throw Flame                    Conjuration/Fire             2
   c - Conjure Flame                  Conjuration/Fire             3
   d - Inner Flame                    Hexes/Fire                   3
   e - Sticky Flame                   Conjuration/Fire             4
   f - Fireball                       Conjuration/Fire             5
Comestibles
 i - a royal jelly
 m - a meat ration


   Skills:
 - Level 2.1 Dodging
 - Level 2.1 Stealth
 - Level 2.4 Spellcasting
 * Level 2.7 Conjurations
 + Level 4.2 Fire Magic


You couldn't memorise any spells.
You knew the following spells:

 Your Spells              Type           Power        Failure   Level  Hunger
a - Flame Tongue          Conj/Fire      ###..        4%          1    #......
b - Throw Flame           Conj/Fire      ###...       8%          2    ##.....
c - Conjure Flame         Conj/Fire      ###.....     12%         3    ###....


Dungeon Overview and Level Annotations

Branches:
Dungeon (2/15)

Altars:


Message History

You hit the gnoll.
The gnoll is lightly wounded.
The gnoll closely misses you.
You barely miss the gnoll.
The gnoll is lightly wounded.
The gnoll closely misses you.
You barely miss the gnoll.
The gnoll is lightly wounded.
The gnoll hits you but does no damage. The gnoll hits you with a whip.
You barely miss the gnoll.
The gnoll is lightly wounded.
The gnoll hits you with a whip!
* * * LOW HITPOINT WARNING * * *
Casting: Conjure Flame
Confirm with . or Enter, or press ? or * to list all spells.
Aiming: Throw Flame
Press: ? - help, Shift-Dir - straight line, f - gnoll
Aim: a gnoll, wielding a whip (lightly wounded)
The puff of flame misses the gnoll. x2; The gnoll hits you with a whip!
You die...

#.#.#....#.###########.######
#.#.#....#.# #.# #.#.####.#.#
#.# #.#.# #.#.# #g# #.#.#
#.#.# #.# #.#.#
#.#.###########g# ....#
#.#..........##.# #...#
#.##########.##.#
....####........@g§g...#
............#######.####
............#######.###
......................#
....########..........# ....#
#......>...# ....#
##########.### ....#
#..........# #...#
#.##########


You could see 2 gnolls.

Vanquished Creatures
  2 gnolls (D:2)
  A worm (D:2)
  4 dart slugs
  3 leopard geckos
  2 giant cockroaches (D:1)
  3 goblins (D:1)
  3 hobgoblins (D:1)
  3 jackals (D:1)
  3 bats
  5 frilled lizards
  2 kobolds
  2 rats (D:1)
33 creatures vanquished.

Notes
Turn   | Place    | Note
-------+----------+-------------------------------------------
     0 | D:1      | sose the High Elf Fire Elementalist began the quest for the Orb.
     0 | D:1      | Reached XP level 1. HP: 11/11 MP: 4/4
   166 | D:1      | Reached XP level 2. HP: 15/17 MP: 3/6
   277 | D:1      | Learned a level 2 spell: Throw Flame
   726 | D:1      | Reached XP level 3. HP: 20/21 MP: 0/7
  1346 | D:2      | Found a faded altar of an unknown god.
  1356 | D:2      | Reached skill level 4 in Fire Magic
  1367 | D:2      | Learned a level 3 spell: Conjure Flame
  1880 | D:2      | Slain by a gnoll

Skill      XL: |  1  2  3 |
---------------+----------+-----
Conjurations   | 2 |  2.7
Fire Magic     | 4 |  4.2
Dodging        | |  2.1
Stealth        | |  2.1
Spellcasting   | |  2.4

Action                   || total
-------------------------++-------
Melee: Unarmed           ||    39
       Trident           ||    26
       Short sword       ||    14
 Cast: Flame Tongue      ||    49
       Throw Flame       ||     7
       Conjure Flame     ||     4
 Stab: Sleeping          ||     2
  Eat: Bread ration      ||     1
Armor: Robe              ||    15
Dodge: Dodged            ||    71
